Construct Section Command Post
Selects Indian Artillery Battlegroup
Selects Towed ML 4.2-inch Heavy Mortar
Construct Platoon Command Post
Selects Gurkha Rifles Section
6-pounder Anti-tank Gun Team
Selects Off-map Airburst Barrage
Construct Field Infirmary
Towed ML 4.2-inch Heavy Mortar
Unlock Bishop Self-propelled Artillery
Selects Perimeter Monitor
Construct Company Command Post
Unlock M3 Grant Medium Tanks
Selects Volunteer Infantry
6-pounder Anti-tank Gun Team